AoeStats
← 297539664

Arena

509649928Analyzed
4v4 RM · 4d ago on Sep 27, 2026· 51m 10s· 8 players
Game mode
Random Map
Map size
Large (8 player)
Population
200
Speed
Normal
Resources
Standard
Victory
Conquest
Starting age
Dark Age
Ending age
Imperial Age
RankedLock teamsTeams togetherTeam positionsShared explorationLock speedFull tech treeHidden civsTurbo modeCheats
Victory
Defeat
🇨🇳 Franks · China
1406
+15
🇹🇼 Saracens · Taiwan
1394
+15
🇹🇼 Khmer · Taiwan
1362
+17
🇩🇪 Burmese · Germany
1347
+17
🇬🇧 Varangians · United Kingdom
1418
-18
🇧🇷 Teutons · Brazil
1387
-16
🇨🇱 Khmer · Chile
1368
-16
🇨🇴 Japanese · Colombia
1337
-14
lucaspeixoto2584
5:38 Loom
9:29 Feudal Age
22:49 Castle Age
21:02 Horse Collar
21:36 Double-Bit Axe
21:45 Stone Mining
21:51 Gold Mining
ACI ShaN
10:28 Feudal Age
11:15 Double-Bit Axe
14:05 Castle Age
12:23 Horse Collar
22:26 Scale Mail Armor
24:36 Chain Mail Armor
25:54 Wheelbarrow
27:40 Heavy Plow
27:51 Bow Saw
33:36 Imperial Age
31:45 Fortified Wall
32:10 Loom
33:27 Hand Cart
34:39 Kataparuto
34:43 Conscription
34:37 Forging
35:58 Plate Mail Armor
36:04 Squires
35:50 Gambesons
36:06 Pikeman
37:39 Iron Casting
38:46 Halberdier
39:09 Man-at-Arms
41:15 Light Cavalry
42:06 Bloodlines
41:19 Long Swordsman
42:39 Elite Samurai
42:46 Two-Handed Swordsman
47:47 Blast Furnace
46:30 Champion
49:28 Gold Mining
49:29 Stone Mining
ryocallan
9:16 Feudal Age
13:30 Castle Age
12:51 Double-Bit Axe
15:07 Bow Saw
15:43 Loom
21:06 Wheelbarrow
22:52 Horse Collar
23:33 Heavy Plow
24:03 Stone Mining
24:07 Gold Mining
27:24 Stone Shaft Mining
29:28 Imperial Age
28:00 Scale Mail Armor
28:42 Squires
28:27 Arson
28:59 Chain Mail Armor
29:39 Forging
29:29 Elite Varangian Guard
30:41 Plate Mail Armor
30:15 Capped Ram
31:47 Siege Ram
35:30 Iron Casting
37:46 Conscription
39:11 Blast Furnace
41:25 Gothikon
42:44 Devotion
43:06 Cranequins
43:06 Heavy Mounted Crossbowman
43:39 Fletching
44:39 Bodkin Arrow
44:44 Padded Archer Armor
45:34 Bloodlines
45:25 Husbandry
47:12 Ballistics
47:52 Chemistry
46:56 Bracer
happix
10:26 Feudal Age
13:21 Castle Age
11:39 Double-Bit Axe
12:13 Horse Collar
14:45 Bow Saw
19:53 Wheelbarrow
20:06 Heavy Plow
20:12 Loom
21:02 Gold Mining
22:08 Fervor
23:28 Gold Shaft Mining
23:11 Hand Cart
23:56 Loom
27:29 Imperial Age
26:13 Scale Barding Armor
26:22 Forging
27:23 Chain Barding Armor
27:43 Bloodlines
27:35 Husbandry
27:38 Elite Battle Elephant
29:01 Plate Barding Armor
28:01 Capped Ram
30:36 Iron Casting
32:25 Blast Furnace
30:58 Elite Battle Elephant
36:46 Light Cavalry
37:18 Fletching
37:37 Siege Engineers
37:40 Double Crossbow
37:49 Light Cavalry
39:11 Conscription
38:53 Elite Ballista Elephant
40:07 Elite Ballista Elephant
42:08 Ballistics
42:49 Chemistry
41:28 Hussar
43:37 Masonry
lightslee
10:24 Feudal Age
12:07 Double-Bit Axe
14:28 Castle Age
12:48 Horse Collar
15:25 Bow Saw
15:37 Heavy Plow
21:23 Wheelbarrow
22:51 Gold Mining
23:54 Forging
24:49 Hand Cart
25:12 Gold Shaft Mining
24:49 Scale Barding Armor
25:50 Iron Casting
27:05 Chain Barding Armor
26:40 Loom
27:20 Bloodlines
27:11 Husbandry
27:55 Stone Mining
31:10 Imperial Age
28:26 Town Watch
31:10 Bimaristan
31:16 Heavy Camel Rider
32:32 Plate Barding Armor
32:20 Conscription
34:18 Blast Furnace
33:16 Light Cavalry
34:13 Siege Engineers
34:45 Hussar
35:56 Fletching
36:48 Bodkin Arrow
36:53 Padded Archer Armor
37:55 Chemistry
38:39 Two-Man Saw
38:04 Ballistics
37:14 Crossbowman
38:28 Arbalester
39:14 Thumb Ring
39:26 Leather Archer Armor
39:17 Bracer
40:54 Thumb Ring
40:11 Elite Skirmisher
41:09 Leather Archer Armor
41:26 Conscription
44:36 Counterweights
45:42 Hoardings
45:47 Masonry
45:00 Elite Mameluke
48:44 Fortified Wall
mad Iltis
10:29 Feudal Age
13:59 Castle Age
12:13 Horse Collar
17:45 Sanctity
17:36 Fervor
21:57 Heavy Plow
22:26 Gold Mining
23:16 Wheelbarrow
22:28 Town Watch
22:57 Stone Mining
22:56 Man-at-Arms
23:21 Gambesons
23:55 Loom
25:30 Long Swordsman
26:11 Squires
28:55 Fortified Wall
31:10 Arson
34:26 Imperial Age
32:24 Redemption
33:58 Gold Shaft Mining
33:46 Scale Mail Armor
33:56 Forging
35:16 Chain Mail Armor
37:01 Block Printing
38:35 Plate Mail Armor
38:41 Iron Casting
37:57 Two-Handed Swordsman
42:59 Illumination
43:13 Theocracy
43:03 Conscription
42:36 Fletching
44:42 Blast Furnace
43:38 Bodkin Arrow
44:47 Masonry
45:38 Chemistry
44:15 Champion
47:18 Town Patrol
47:34 Hand Cart
48:11 Bracer
48:35 Ballistics
Dean
10:16 Feudal Age
13:57 Castle Age
12:14 Double-Bit Axe
13:17 Horse Collar
15:30 Loom
19:39 Stone Mining
21:28 Bow Saw
21:19 Heavy Plow
22:29 Wheelbarrow
23:03 Gold Mining
25:14 Gold Shaft Mining
24:52 Forging
26:00 Hand Cart
29:47 Imperial Age
29:11 Ballistics
30:50 Conscription
30:37 Town Watch
30:56 Husbandry
31:06 Bloodlines
30:17 Light Cavalry
31:20 Double Crossbow
31:03 Heavy Scorpion
32:26 Scale Barding Armor
34:30 Chemistry
33:50 Heavy Plow
35:36 Siege Engineers
36:37 Hussar
38:12 Iron Casting
38:53 Masonry
39:05 Chain Barding Armor
39:21 Crop Rotation
39:17 Town Patrol
40:37 Plate Barding Armor
41:52 Blast Furnace
49:08 Elite Battle Elephant
297539664
9:40 Feudal Age
11:13 Loom
13:38 Castle Age
13:15 Double-Bit Axe
28:46 Wheelbarrow
29:21 Scale Barding Armor
29:28 Forging
29:38 Pikeman
30:18 Squires
30:04 Arson
30:46 Scale Mail Armor
52:45 Imperial Age
50:44 Hand Cart
51:21 Chain Barding Armor
51:36 Iron Casting
Connection lost

Rejoining the realm…

Still unreachable

The connection could not be restored.

Session expired

The server has moved on; the page needs a fresh start.